 Dungeon Crawl Stone Soup version 0.23-a0-175-g97aacdb (webtiles) character file.

170 chorionicmirror the Slasher (level 5, 0/41 HPs)
             Began as a Demonspawn Gladiator on Sept 17, 2018.
             Slain by a worm (8 damage)
             ... on level 3 of the Dungeon.
             The game lasted 00:08:09 (2017 turns).

chorionicmirror the Slasher (Demonspawn Gladiator)  Turns: 2017, Time: 00:08:10

Health: 0/41       AC:  6    Str: 15    XL:     5   Next: 25%
Magic:  5/5        EV: 12    Int:  9    God:
Gold:   107        SH:  0    Dex: 15    Spells: 4/4 levels left

rFire    + . .     SeeInvis .   a - +1 long sword
rCold    . . .     Gourm    .   (no shield)
rNeg     . . .     Faith    .   i - +0 ring mail
rPois    .         Spirit   .   c - +1 helmet
rElec    .         Reflect  .   n - +0 cloak
rCorr    +         Harm     .   (no gloves)
MR       .....                  (no boots)
Stlth    +.........             (no amulet)
HPRegen  0.13/turn              m - ring of resist corrosion
MPRegen  0.09/turn              o - -2 ring of protection (curse)

@: no status effects
A: fire resistance 1
a: no special abilities


You were on level 3 of the Dungeon.
You were not hungry.

You visited 1 branch of the dungeon, and saw 3 of its levels.

You collected 107 gold pieces.

Inventory:

Hand Weapons
 a - a +1 long sword (weapon)
Missiles
 d - 5 throwing nets (quivered)
 h - 8 tomahawks
Armour
 c - a +1 helmet (worn)
 i - a +0 ring mail (worn)
 n - a +0 cloak (worn)
Jewellery
 m - a ring of resist corrosion (left hand)
 o - a cursed -2 ring of protection (right hand)
Scrolls
 b - a scroll of amnesia
 g - 2 scrolls of identify
 k - a scroll of teleportation
Potions
 e - a potion of curing
 l - a potion of brilliance {unknown}
Comestibles
 f - 2 rations
 j - 13 chunks of flesh


   Skills:
 - Level 3.0 Fighting
 * Level 4.4 Long Blades
 - Level 2.0 Throwing
 - Level 1.0 Armour
 - Level 3.0 Dodging
 - Level 1.0 Stealth


You had 4 spell levels left.
You didn't know any spells.
Your spell library was empty.

Dungeon Overview and Level Annotations

Branches:
Dungeon (3/15)

Altars:
Trog


Innate Abilities, Weirdness & Mutations

Your flesh is heat resistant. (rF+)


Message History

You slash the rat!
You kill the rat!
You see here a rat corpse.
You slash the worm!
The worm is moderately wounded.
The worm misses you.
You slash the worm!
The worm is severely wounded.
The worm closely misses you.
You hit the worm but do no damage.
The worm is severely wounded.
The worm bites you.
You hit the worm.
The worm is almost dead.
The worm bites you!
* * * LOW HITPOINT WARNING * * *
You completely miss the worm.
The worm is almost dead.
The worm bites you!
You die...

#...........
###............
#..............
#.......#....
####.......#....
#..........# ..
#..........#
#..........#
##@##......#
####w####....#
##.......##...#
##.........##..#
#...........#..
#....###....#
#...##y##...#
#...†###....#
##.........##


You could see a moth of wrath and a worm (berserk).

Vanquished Creatures
  An orc priest (D:3)
  4 gnolls (D:2)
  4 adders (D:2)
  An ooze (D:2)
  A dart slug (D:2)
  A leopard gecko (D:1)
  2 orcs (D:3)
  4 giant cockroaches
  6 goblins
  3 hobgoblins
  5 jackals
  3 kobolds
  A quokka (D:2)
  6 bats
  8 frilled lizards
  14 rats
64 creatures vanquished.

Notes
Turn   | Place    | Note
-------+----------+-------------------------------------------
     0 | D:1      | chorionicmirror the Demonspawn Gladiator began the quest
                  | for the Orb.
     0 | D:1      | Reached XP level 1. HP: 16/16 MP: 1/1
   360 | D:1      | Gained mutation: Your flesh is heat resistant. (rF+)
                  | [demonic ancestry]
   360 | D:1      | Reached XP level 2. HP: 19/22 MP: 2/2
   362 | D:1      | Reached skill level 3 in Long Blades
   757 | D:2      | Reached XP level 3. HP: 26/27 MP: 3/3
   813 | D:2      | Reached skill level 1 in Stealth
   877 | D:2      | Reached skill level 1 in Armour
   877 | D:2      | Reached XP level 4. HP: 22/34 MP: 4/4
  1458 | D:2      | Reached skill level 4 in Long Blades
  1945 | D:3      | Reached XP level 5. HP: 18/41 MP: 5/5
  1994 | D:3      | Noticed a moth of wrath
  1997 | D:3      | Found a bloodstained altar of Trog.
  2017 | D:3      | Slain by a worm

Vault maps used:
D:1:      evilmike_arrival_fibonacci_small, minivault_11
D:3:      tgw_trog, nicolae_tso_swordbearing_angel

Skill      XL: |  1  2  3  4 |
---------------+-------------+-----
Long Blades    | 3 4 |  4.4
Throwing       | 2 |  2.0
Stealth        | 1 |  1.0
Dodging        | 3 |  3.0
Armour         | 1 |  1.0
Fighting       | 3 |  3.0

Action                   |  1- 3 |  4- 6 || total
-------------------------+-------+-------++-------
Melee: Long sword        |   110 |    74 ||   184
  Use: Scroll            |     5 |     1 ||     6
 Stab: Sleeping          |     1 |       ||     1
  Eat: Chunk             |       |     4 ||     4
Armor: Leather armour    |    11 |       ||    11
       Ring mail         |    46 |    27 ||    73
Dodge: Dodged            |    96 |    62 ||   158
       Rpst.: Long sword |    30 |    20 ||    50

Table legend:
 A = Non-vault XP
 B = Vault XP
 C = Vault XP percentage of total XP
 D = Non-vault monster count
 E = Vault monster count
 F = Vault count percentage of total count
                 A         B        C        D         E       F
            +---------+---------+-------+---------+---------+-------
      Total |     239 |       4 |   1.6 |      60 |       4 |   6.2
            +---------+---------+-------+---------+---------+-------
        D:1 |      31 |       0 |   0.0 |      21 |       0 |   0.0
        D:2 |     145 |       0 |   0.0 |      27 |       0 |   0.0
        D:3 |      63 |       4 |   6.0 |      12 |       4 |  25.0
            +---------+---------+-------+---------+---------+-------
